[Event "46th GRE-chT Premier 2018"]
[Site "Rio Achaia"]
[Date "2018.07.11"]
[Round "3"]
[White "Mihailidis, Anastasios"]
[Black "Galopoulos, Nikolaos"]
[Result "1/2-1/2"]
[ECO "B50"]
[WhiteElo "2265"]
[BlackElo "2351"]
[Annotator "NA"]
[PlyCount "61"]
[EventDate "2018.07.10"]
[EventType "team-tourn"]
[EventCountry "GRE"]
[SourceTitle "playchess.com"]
[Source "ChessBase"]
[SourceQuality "1"]
[TimeControl "40/5400+30:1800+30"]

1. e4 c5 2. Nf3 d6 3. Bc4 Nc6 4. O-O Nf6 5. Qe2 e6 6. c3 Nxe4 7. Qxe4 d5 8. Bxd5 Qxd5 9. Qxd5 exd5 10. Re1+ Be7 11. d4 cxd4 12. Nxd4 Nxd4 13. cxd4 Be6 14. Nc3 Kd7 15. Bf4 Rac8 16. Rac1 Bb4 17. a3 Bxc3 18. Rxc3 Rxc3 19. bxc3 Rc8 20. Rb1 b6 21. Bd2 Bf5 22. Re1 Rc4 23. f3 Ra4 24. Bc1 Ra5 25. Kf2 Rb5 26. Ke3 Rb1 27. Kd2 Ra1 28. Bb2 Rxe1 29. Kxe1 Kc6 30. Bc1 Kb5 31. Bf4 1/2-1/2

[Event "46th GRE-chT Premier 2018"]
[Site "Rio Achaia"]
[Date "2018.07.11"]
[Round "3"]
[White "Ratsma, Rosa"]
[Black "Stoumbou, Eleni"]
[Result "1-0"]
[ECO "B10"]
[WhiteElo "2265"]
[BlackElo "1811"]
[Annotator "NA"]
[PlyCount "127"]
[EventDate "2018.07.10"]
[EventType "team-tourn"]
[EventCountry "GRE"]
[SourceTitle "playchess.com"]
[Source "ChessBase"]
[SourceQuality "1"]
[TimeControl "40/5400+30:1800+30"]

1. e4 c6 2. Nc3 d5 3. Nf3 dxe4 4. Nxe4 Nf6 5. Qe2 Bg4 6. h3 Bh5 7. Nxf6+ gxf6 8. d3 Qb6 9. g4 Bg6 10. Nh4 Nd7 11. Bg2 f5 12. Nxf5 Bxf5 13. gxf5 Qa5+ 14. Bd2 Qxf5 15. Be4 Qe6 16. Qg4 Qxg4 17. hxg4 Bg7 18. O-O-O h6 19. f4 O-O-O 20. Bf3 Bf6 21. Rh3 Nb6 22. Be2 Na4 23. c3 Nc5 24. Rdh1 Bg7 25. f5 Bf6 26. b4 Nd7 27. Rxh6 Rxh6 28. Rxh6 Rg8 29. Rh5 Rh8 30. g5 Bg7 31. d4 Rxh5 32. Bxh5 f6 33. g6 Nf8 34. Kc2 e6 35. fxe6 Nxe6 36. Bg4 Kd7 37. Kd3 Ke7 38. Bf5 Nf8 39. a4 Nd7 40. Bf4 a6 41. a5 Bf8 42. Ke4 Bg7 43. Kf3 Nf8 44. Bc8 Nxg6 45. Bxb7 Nxf4 46. Kxf4 Bh6+ 47. Ke4 Kd6 48. Bxa6 f5+ 49. Kd3 Kc7 50. Bc4 f4 51. Be6 f3 52. c4 Kb7 53. Bh3 Bg5 54. Bf1 Bh4 55. b5 cxb5 56. cxb5 Bd8 57. a6+ Kb8 58. Ke4 Bb6 59. Ke5 Kc7 60. d5 Bc5 61. Ke6 Kd8 62. d6 Ba7 63. Kd5 Kd7 64. Bh3+ 1-0

[Event "46th GRE-chT Premier 2018"]
[Site "Rio Achaia"]
[Date "2018.07.11"]
[Round "3"]
[White "Kesidis, Odyseas"]
[Black "Tzouganakis, Panteleimon"]
[Result "1-0"]
[ECO "B06"]
[WhiteElo "2248"]
[BlackElo "2206"]
[Annotator "NA"]
[PlyCount "107"]
[EventDate "2018.07.10"]
[EventType "team-tourn"]
[EventCountry "GRE"]
[SourceTitle "playchess.com"]
[Source "ChessBase"]
[SourceQuality "1"]
[TimeControl "40/5400+30:1800+30"]

1. e4 g6 2. d4 Bg7 3. Nf3 d6 4. Bd3 Bg4 5. c3 e5 6. dxe5 Bxf3 7. Qxf3 dxe5 8. O-O Nf6 9. Rd1 O-O 10. Bg5 Qe7 11. Nd2 Nbd7 12. Nc4 Nc5 13. Bc2 Qe6 14. Ne3 Qc6 15. Nd5 Nxd5 16. Rxd5 Ne6 17. Be3 Nd4 18. Qd1 Nxc2 19. Qxc2 b6 20. Rad1 Bf6 21. R1d2 Rfd8 22. c4 Rxd5 23. cxd5 Qd7 24. Rd1 Be7 25. Rc1 Bd6 26. Qc6 Qxc6 27. Rxc6 f6 28. Kf1 Kf7 29. Ke2 Ke7 30. g4 g5 31. Rc1 Kd7 32. h4 h6 33. Rh1 Rf8 34. hxg5 hxg5 35. Kd3 Rf7 36. Rh8 Bf8 37. Bd2 c6 38. f3 Kc7 39. a4 Kb7 40. b4 Kc7 41. dxc6 Kxc6 42. Kc4 a6 43. b5+ axb5+ 44. axb5+ Kb7 45. Kd5 Rd7+ 46. Ke6 Rd6+ 47. Kf5 Rxd2 48. Rxf8 Rb2 49. Rf7+ Kc8 50. Kxf6 Rxb5 51. Kxg5 Rb1 52. Kf6 b5 53. g5 Rf1 54. g6 1-0

[Event "46th GRE-chT Premier 2018"]
[Site "Rio Achaia"]
[Date "2018.07.11"]
[Round "3"]
[White "Hadzimanolis, Antonios"]
[Black "Milonakis, Georgios"]
[Result "0-1"]
[ECO "C99"]
[WhiteElo "2246"]
[BlackElo "2200"]
[Annotator "NA"]
[PlyCount "114"]
[EventDate "2018.07.10"]
[EventType "team-tourn"]
[EventCountry "GRE"]
[SourceTitle "playchess.com"]
[Source "ChessBase"]
[SourceQuality "1"]
[TimeControl "40/5400+30:1800+30"]

1. e4 e5 2. Nf3 Nc6 3. Bb5 a6 4. Ba4 Nf6 5. O-O Be7 6. Re1 b5 7. Bb3 d6 8. c3 O-O 9. h3 Na5 10. Bc2 c5 11. d4 Qc7 12. Nbd2 cxd4 13. cxd4 Nc6 14. a3 exd4 {[%emt 0:03:39] C99: Spanische Partie (Tschigorin-System)} 15. Nb3 d3 (15... Bb7 16. Nbxd4 Nxd4 17. Nxd4 Rfe8 18. Bf4 Bf8 19. f3 Nh5 20. Bh2 g6 21. Bb3 Bg7 22. Kh1 {½-½ (33) Gashimov,V (2734)-Akopian,V (2694) Astrakhan 2010 CBM 137 [Marin,M]}) 16. Bxd3 Ne5 17. Bb1 Bb7 18. Bf4 Nfd7 $146 ({Vorgänger:} 18... Ng6 19. Bh2 Qb6 20. Qd4 Qxd4 21. Nfxd4 d5 22. e5 {1-0 (36) Havlikova,K (2079)-Miturova,M (1789) Sec u Chrudimi 2008}) 19. Ba2 Rac8 20. Nbd4 Nc5 21. Bh2 g6 22. Bd5 Ncd3 23. Nxe5 Nxe5 24. a4 Qb6 25. axb5 axb5 26. Bxb7 Qxb7 27. Ra5 Rc5 28. b4 Rc3 29. Nxb5 Rd3 30. Qe2 Rb3 31. Ra7 Qb6 32. Rxe7 Nd3 33. Nxd6 Rb2 34. Nc4 Rxe2 35. Rxe2 Qxb4 36. Bd6 Qxc4 37. Rc7 Qb3 38. Bxf8 Kxf8 39. Rd2 Qb1+ 40. Kh2 Qb8 41. Rxd3 Qxc7+ 42. g3 Qc2 43. Rf3 Qxe4 44. Rf4 Qd5 45. h4 Ke7 46. Kg1 Ke6 47. Kh2 h6 48. Kg1 f5 49. Rb4 Qc6 50. Rd4 Ke5 51. Rb4 Qc5 52. Rb8 f4 53. Rb3 Qd5 54. gxf4+ Kxf4 55. Rg3 Qe4 56. Kh2 $19 Kf5 57. Rh3 Qg4 0-1

[Event "46th GRE-chT Premier 2018"]
[Site "Rio Achaia"]
[Date "2018.07.11"]
[Round "3"]
[White "Ergazakis, Ioannis"]
[Black "Kazakos, Markos"]
[Result "1-0"]
[ECO "B06"]
[WhiteElo "2228"]
[BlackElo "2051"]
[Annotator "NA"]
[PlyCount "55"]
[EventDate "2018.07.10"]
[EventType "team-tourn"]
[EventCountry "GRE"]
[SourceTitle "playchess.com"]
[Source "ChessBase"]
[SourceQuality "1"]
[TimeControl "40/5400+30:1800+30"]

1. e4 g6 2. d4 Bg7 3. Nc3 d6 4. Be3 a6 5. a4 b6 6. h4 h5 7. Nh3 Bb7 8. f3 Nd7 9. Ng5 Ngf6 10. Qd2 c5 11. Be2 cxd4 12. Bxd4 O-O 13. O-O Qc7 14. f4 e5 15. Be3 exf4 16. Rxf4 Nh7 17. Nxh7 Kxh7 18. Raf1 Ne5 19. R4f2 Rac8 20. Qd1 Nc4 21. Bxc4 Qxc4 22. Qxd6 Qe6 23. Qxe6 fxe6 24. Rf7 Rxf7 25. Rxf7 Bc6 26. Bd4 Rg8 27. Rc7 Ba8 28. Ra7 1-0

[Event "46th GRE-chT Premier 2018"]
[Site "Rio Achaia"]
[Date "2018.07.11"]
[Round "3"]
[White "Papadopoulos, Nikolaos"]
[Black "Klerides, Paris"]
[Result "1-0"]
[ECO "B90"]
[WhiteElo "2228"]
[BlackElo "2196"]
[Annotator "NA"]
[PlyCount "61"]
[EventDate "2018.07.10"]
[EventType "team-tourn"]
[EventCountry "GRE"]
[SourceTitle "playchess.com"]
[Source "ChessBase"]
[SourceQuality "1"]
[TimeControl "40/5400+30:1800+30"]

1. e4 c5 2. Nf3 d6 3. d4 cxd4 4. Nxd4 Nf6 5. Nc3 a6 6. Nb3 e6 7. g4 b5 8. a3 Bb7 9. Bg2 Be7 10. g5 Nfd7 11. f4 Qb6 12. Qe2 Nc5 13. Be3 Nbd7 14. O-O Qc7 15. f5 e5 16. Nxc5 dxc5 17. Nd5 Bxd5 18. exd5 Bd6 19. a4 b4 20. Qh5 a5 21. c3 c4 22. Kh1 Rb8 23. f6 g6 24. Qh6 Bf8 25. d6 Qxd6 26. Qh3 Nc5 27. Bxc5 Qxc5 28. Rad1 Rd8 29. Rxd8+ Kxd8 30. Rd1+ Bd6 31. Qf3 1-0

[Event "46th GRE-chT Premier 2018"]
[Site "Rio Achaia"]
[Date "2018.07.11"]
[Round "3"]
[White "Galunova, Tsveta"]
[Black "Richterova, Natasa"]
[Result "1-0"]
[ECO "D45"]
[WhiteElo "2204"]
[BlackElo "2146"]
[Annotator "NA"]
[PlyCount "107"]
[EventDate "2018.07.10"]
[EventType "team-tourn"]
[EventCountry "GRE"]
[SourceTitle "playchess.com"]
[Source "ChessBase"]
[SourceQuality "1"]
[TimeControl "40/5400+30:1800+30"]

1. d4 d5 2. Nf3 Nf6 3. c4 c6 4. e3 e6 5. Nc3 Nbd7 6. Qc2 Be7 7. Bd3 O-O 8. O-O h6 9. b3 b6 10. Bb2 Bb7 11. Rac1 Rc8 12. Rfd1 Qc7 13. Qe2 Qb8 {[%emt 0:05:46] D46: Semi-Slav: 5 e3 Nbd7 6 Bd3, Black avoids the Meran} 14. Bb1 (14. Ne5 Rfd8 15. f4 dxc4 16. bxc4 c5 17. f5 Bd6 18. fxe6 fxe6 19. Ng4 Nxg4 20. Qxg4 Bxh2+ 21. Kh1 {½-½ (65) Bindrich,F (2594)-Dreev,A (2644) Berlin 2015}) 14... Rfd8 15. e4 dxe4 16. Nxe4 Nxe4 17. Qxe4 Nf8 18. c5 $146 ({Predecessor:} 18. Ne5 c5 19. d5 Bf6 20. Rd3 exd5 21. cxd5 {1-0 (33) Lien,K (2120)-Bjornes,L (1934) Helsingor 2017}) 18... Rd5 19. b4 Rcd8 20. Re1 Bf6 21. Ne5 Bxe5 22. dxe5 bxc5 23. Rxc5 Rxc5 24. bxc5 Ba6 25. Bc1 Rd5 26. f4 Rxc5 27. Be3 Rc4 28. Qf3 Qb4 29. Qf2 Qa5 30. Rd1 Ra4 31. Bxa7 Bc4 32. Bb6 Qb5 33. Bc5 Bd5 34. Bd6 Qc4 35. Rf1 Qd4 36. g3 Qxf2+ 37. Rxf2 g6 38. Rb2 Kg7 39. Kf2 Nh7 40. Ke3 g5 41. a3 gxf4+ 42. gxf4 Ra7 43. h4 h5 44. Rb8 Ra5 45. Bb4 Ra7 46. Bc2 c5 47. Bxc5 Rc7 48. Kd4 f6 49. Re8 fxe5+ 50. fxe5 Rf7 51. Re7 Nf8 $18 52. Rxf7+ Kxf7 53. Bxf8 Kxf8 54. Bd1 1-0

[Event "46th GRE-chT Premier 2018"]
[Site "Rio Achaia"]
[Date "2018.07.11"]
[Round "3"]
[White "Koyias, Konstantinos"]
[Black "Georgiou, Kostantinos"]
[Result "1/2-1/2"]
[ECO "A06"]
[WhiteElo "2192"]
[BlackElo "2242"]
[Annotator "NA"]
[PlyCount "66"]
[EventDate "2018.07.10"]
[EventType "team-tourn"]
[EventCountry "GRE"]
[SourceTitle "playchess.com"]
[Source "ChessBase"]
[SourceQuality "1"]
[TimeControl "40/5400+30:1800+30"]

1. Nf3 d5 2. g3 e6 3. Bg2 Nf6 4. d3 c5 5. Nbd2 Nc6 6. O-O Bd7 7. Re1 d4 8. c3 Be7 9. Nc4 O-O 10. Bd2 Nd5 11. Nce5 Bf6 12. Nxd7 Qxd7 13. c4 Nc7 14. a3 a5 15. b3 g6 16. Rb1 Na6 17. Qc2 Bg7 18. Rbd1 Rab8 19. Rb1 Rbd8 20. Red1 b6 21. Rf1 f5 22. Ne1 Rb8 23. Qa2 Rfe8 24. Nc2 Bf8 25. b4 axb4 26. Bxc6 Qxc6 27. axb4 Nc7 28. bxc5 bxc5 29. Rxb8 Rxb8 30. Rb1 Qa6 31. Ra1 Qc6 32. Rb1 Qa6 33. Ra1 Qc6 1/2-1/2

[Event "46th GRE-chT Premier 2018"]
[Site "Rio Achaia"]
[Date "2018.07.11"]
[Round "3"]
[White "Pavlidou, Ekaterini"]
[Black "Markantonaki, Haritomeni"]
[Result "1/2-1/2"]
[ECO "E46"]
[WhiteElo "2186"]
[BlackElo "2152"]
[Annotator "NA"]
[PlyCount "68"]
[EventDate "2018.07.10"]
[EventType "team-tourn"]
[EventCountry "GRE"]
[SourceTitle "playchess.com"]
[Source "ChessBase"]
[SourceQuality "1"]
[TimeControl "40/5400+30:1800+30"]

1. d4 Nf6 2. c4 e6 3. Nc3 Bb4 4. e3 O-O 5. Nge2 Re8 6. a3 Bf8 7. g3 d5 8. cxd5 exd5 9. Bg2 c6 10. O-O Bf5 11. Nf4 Nbd7 12. h3 h6 13. Nd3 Ne4 14. Ne2 Bh7 15. Kh2 Qc7 16. b3 Rad8 17. a4 Bd6 18. Ba3 Ndf6 19. Bxd6 Nxd6 20. Rc1 Qe7 21. Ne5 Nfe4 22. Nc3 Nxc3 23. Rxc3 Ne4 24. Bxe4 Bxe4 25. f3 Bh7 26. Ng4 Qb4 27. Qc1 f6 28. Nf2 Re6 29. Kg2 Rde8 30. h4 Qe7 31. Re1 Qb4 32. h5 R6e7 33. Nh3 Re6 34. Nf2 R6e7 1/2-1/2

[Event "46th GRE-chT Premier 2018"]
[Site "Rio Achaia"]
[Date "2018.07.11"]
[Round "3"]
[White "Ladopoulos, Dimitrios"]
[Black "Kouskoutis, Georgios-Alexandros"]
[Result "1/2-1/2"]
[ECO "B40"]
[WhiteElo "2183"]
[BlackElo "2307"]
[Annotator "NA"]
[PlyCount "104"]
[EventDate "2018.07.10"]
[EventType "team-tourn"]
[EventCountry "GRE"]
[SourceTitle "playchess.com"]
[Source "ChessBase"]
[SourceQuality "1"]
[TimeControl "40/5400+30:1800+30"]

1. e4 c5 2. Nf3 e6 3. g3 Nc6 4. Bg2 e5 {[%emt 0:02:03] B40: Sicilian: 2...e6, Unusual lines} (4... Nf6 5. d3 d5 6. Nbd2 Be7 7. O-O O-O 8. Re1 b5 9. e5 Nd7 10. Nf1 Bb7 11. h4 Qc7 12. Bf4 Rfc8 13. Ne3 Qd8 14. Ng4 Bf8 15. Bg5 Qe8 16. c3 h6 17. Bf4 a5 18. Qd2 b4 19. c4 Ne7 20. h5 {1-0 (59) Kuzubov,Y (2699)-Grischuk,A (2772) Riadh 2017}) 5. O-O g6 6. c3 Bg7 7. Na3 Nge7 8. Nc4 $146 ({Predecessor:} 8. d4 cxd4 9. cxd4 exd4 10. Nb5 O-O 11. Bf4 d5 12. e5 {½-½ (26) Sipos,I (2492)-Mihok,O (2510) Slovakia 2016}) 8... d6 9. d4 exd4 10. Bf4 O-O 11. cxd4 cxd4 12. Nxd6 Bg4 13. Nxb7 Qb6 14. Qb3 Be6 15. Qxb6 axb6 16. a3 d3 17. e5 Nd5 18. Rfd1 Ra4 19. b3 Rxf4 20. gxf4 Nxf4 21. Re1 Nxg2 22. Kxg2 Bd5 23. Kg3 Rb8 24. Nd6 Bxf3 25. Kxf3 Bxe5 26. Rxe5 Nxe5+ 27. Ke4 Ng4 28. Kf3 f5 29. h3 Ne5+ 30. Kf4 Nd7 31. Rd1 Nf6 32. Rxd3 Rd8 33. Rd4 Ra8 34. a4 Kf8 35. Nc4 Rb8 36. Ne5 Rb7 37. Rd6 Ke7 38. Rc6 Nd5+ 39. Kg5 Nc7 40. Nc4 Nd5 41. Rd6 b5 42. Rxd5 bxc4 43. bxc4 Rb4 44. Ra5 Rxc4 45. Ra7+ Ke6 46. Rxh7 Rxa4 47. Rg7 Ra3 48. Rxg6+ Ke7 $1 49. f4 Rxh3 50. Ra6 Kf7 $14 51. Rf6+ Kg7 52. Kxf5 Ra3 1/2-1/2

[Event "46th GRE-chT Premier 2018"]
[Site "Rio Achaia"]
[Date "2018.07.11"]
[Round "3"]
[White "Kazantzidis, Ilias"]
[Black "Tepelenis, Nikolaos"]
[Result "1-0"]
[ECO "D45"]
[WhiteElo "2182"]
[BlackElo "2079"]
[Annotator "NA"]
[PlyCount "39"]
[EventDate "2018.07.10"]
[EventType "team-tourn"]
[EventCountry "GRE"]
[SourceTitle "playchess.com"]
[Source "ChessBase"]
[SourceQuality "1"]
[TimeControl "40/5400+30:1800+30"]

1. d4 d5 2. c4 c6 3. Nc3 Nf6 4. e3 e6 5. Nf3 Nbd7 6. Qc2 Bd6 7. g4 Nxg4 8. Rg1 Nh6 9. e4 dxe4 10. Bxh6 gxh6 11. Qxe4 Qf6 12. Bh3 Qf4 13. Qxf4 Bxf4 14. Rg4 Bd6 15. Rh4 Nf6 16. Rxh6 Ke7 17. Kf1 Bd7 18. Re1 Rag8 19. Ne5 Bc8 20. Rxf6 1-0

[Event "46th GRE-chT Premier 2018"]
[Site "Rio Achaia"]
[Date "2018.07.11"]
[Round "3"]
[White "Nikolaidis, Konstantinos"]
[Black "Gouloutis, Nikolaos"]
[Result "0-1"]
[ECO "E11"]
[WhiteElo "2182"]
[BlackElo "2382"]
[Annotator "NA"]
[PlyCount "80"]
[EventDate "2018.07.10"]
[EventType "team-tourn"]
[EventCountry "GRE"]
[SourceTitle "playchess.com"]
[Source "ChessBase"]
[SourceQuality "1"]
[TimeControl "40/5400+30:1800+30"]

1. d4 Nf6 2. c4 e6 3. Nf3 Bb4+ 4. Nbd2 b6 5. g3 Bb7 6. Bg2 O-O 7. O-O a5 8. Qc2 Bxd2 9. Bxd2 Be4 10. Qc1 d6 11. Bc3 Nbd7 12. Qe3 Qb8 13. Bh3 b5 14. b3 bxc4 15. bxc4 Qa7 16. Nd2 Bg6 17. Bg2 Rae8 18. Bc6 Qa6 19. Bb5 Qa8 20. Ba4 c6 21. Qf3 d5 22. c5 Qa6 23. Rfe1 e5 24. e3 Re6 25. dxe5 Nxe5 26. Bxe5 Rxe5 27. Qf4 Rfe8 28. Qd4 h5 29. Rac1 h4 30. Bc2 Be4 31. f3 hxg3 32. hxg3 Qc8 33. fxe4 Qh3 34. Nf1 Rh5 35. Bd1 Qh1+ 36. Kf2 Rh2+ 37. Nxh2 Qxh2+ 38. Kf1 Nxe4 39. Qxe4 Rxe4 40. Rb1 Re6 0-1

[Event "46th GRE-chT Premier 2018"]
[Site "Rio Achaia"]
[Date "2018.07.11"]
[Round "3"]
[White "Tsiros, Fragkiskos Vlasios"]
[Black "Pavlidis, Pavlos"]
[Result "1-0"]
[ECO "B32"]
[WhiteElo "2181"]
[BlackElo "1906"]
[Annotator "NA"]
[PlyCount "99"]
[EventDate "2018.07.10"]
[EventType "team-tourn"]
[EventCountry "GRE"]
[SourceTitle "playchess.com"]
[Source "ChessBase"]
[SourceQuality "1"]
[TimeControl "40/5400+30:1800+30"]

1. e4 c5 2. Nf3 Nc6 3. d4 cxd4 4. Nxd4 g6 5. Ne2 Bg7 6. g3 Nf6 7. Bg2 O-O 8. O-O d6 9. Nbc3 a6 10. h3 Qc7 11. Be3 b5 12. Nd5 Nxd5 13. exd5 Ne5 14. b3 Bb7 15. Bd4 Rac8 16. f4 Nd7 17. Bxg7 Kxg7 18. Qd4+ Kg8 19. c3 Qc5 20. Qxc5 Rxc5 21. b4 Rc4 22. a4 Nf6 23. axb5 axb5 24. Rfd1 Ra8 25. Rxa8+ Bxa8 26. g4 Ne4 27. Bxe4 Rxe4 28. Kf2 g5 29. fxg5 Re5 30. Nf4 Rxg5 31. Rd4 Kg7 32. Ke3 Re5+ 33. Kd2 Kf6 34. c4 bxc4 35. Kc3 e6 36. Kxc4 exd5+ 37. Nxd5+ Bxd5+ 38. Rxd5 Ke6 39. Rxe5+ dxe5 40. g5 f5 41. gxf6 Kxf6 42. Kd5 Kf5 43. b5 e4 44. Kd4 Kf4 45. b6 e3 46. b7 e2 47. b8=Q+ Kf3 48. Qb3+ Kf2 49. Qe3+ Kf1 50. Qf3+ 1-0

[Event "46th GRE-chT Premier 2018"]
[Site "Rio Achaia"]
[Date "2018.07.11"]
[Round "3"]
[White "Tsekmes, Dimitrios"]
[Black "Grigoriadis, Mihail"]
[Result "1-0"]
[ECO "B60"]
[WhiteElo "2170"]
[BlackElo "2236"]
[Annotator "NA"]
[PlyCount "83"]
[EventDate "2018.07.10"]
[EventType "team-tourn"]
[EventCountry "GRE"]
[SourceTitle "playchess.com"]
[Source "ChessBase"]
[SourceQuality "1"]
[TimeControl "40/5400+30:1800+30"]

1. e4 c5 2. Nf3 Nc6 3. d4 cxd4 4. Nxd4 Nf6 5. Nc3 d6 6. Bg5 g6 7. Bxf6 exf6 8. Qd2 Bg7 9. O-O-O O-O 10. Nb3 f5 11. exf5 Bxf5 12. Qxd6 Qxd6 13. Rxd6 Nb4 14. Nd4 Bxd4 15. Rxd4 Nxc2 16. Rf4 Ne1 17. Rxf5 gxf5 18. Be2 Nxg2 19. Rg1 Kh8 20. Rxg2 Rg8 21. Bf3 Rxg2 22. Bxg2 Rb8 23. Nb5 a6 24. Nd6 b6 25. Nxf5 Rg8 26. Be4 Rg4 27. Ng3 Rh4 28. Kd2 Rxh2 29. Ke3 Kg7 30. Bd3 a5 31. a4 Kf6 32. b3 Ke5 33. f4+ Kd5 34. Bc4+ Kd6 35. Bxf7 Ke7 36. Bc4 h5 37. Ne4 h4 38. f5 Rg2 39. f6+ Kf8 40. f7 h3 41. Nf6 Kg7 42. Nd7 1-0

[Event "46th GRE-chT Premier 2018"]
[Site "Rio Achaia"]
[Date "2018.07.11"]
[Round "3"]
[White "Korniotis, Filippos"]
[Black "Kadianis, Georgios"]
[Result "0-1"]
[ECO "D10"]
[WhiteElo "2163"]
[BlackElo "2002"]
[Annotator "NA"]
[PlyCount "114"]
[EventDate "2018.07.10"]
[EventType "team-tourn"]
[EventCountry "GRE"]
[SourceTitle "playchess.com"]
[Source "ChessBase"]
[SourceQuality "1"]
[TimeControl "40/5400+30:1800+30"]

1. d4 d5 2. c4 c6 3. cxd5 cxd5 4. Bf4 Nc6 5. e3 Nf6 6. Nc3 a6 7. Bd3 Bg4 8. Nge2 e6 9. O-O Be7 10. Rc1 Rc8 11. a3 O-O 12. h3 Bh5 13. Na4 Nd7 14. Bg3 Na5 15. b4 Nc4 16. Bxc4 Rxc4 17. Qd2 b5 18. Nb2 Bxe2 19. Qxe2 Rc8 20. Nd3 Nb6 21. Nc5 Bxc5 22. dxc5 Nc4 23. Rfd1 f5 24. a4 Qf6 25. Ra1 Qb2 26. Qe1 Ra8 27. h4 Qf6 28. axb5 axb5 29. h5 h6 30. Bh2 Qf7 31. Qe2 Qb7 32. f3 Rxa1 33. Rxa1 Ra8 34. Ra2 e5 35. g4 fxg4 36. fxg4 Ra4 37. e4 Rxb4 38. Qd3 Ra4 39. Rxa4 bxa4 40. exd5 Qb4 41. Kg2 Qxc5 42. Bg1 Qc8 43. Kh3 Nd6 44. Qg3 Nf7 45. Qd3 e4 46. Qd4 Qc2 47. Be3 a3 48. d6 a2 49. d7 Qd3 50. Kh4 Qxe3 51. d8=Q+ Nxd8 52. Qxd8+ Kh7 53. Qa8 Qf2+ 54. Kh3 Qf1+ 55. Kh2 a1=Q 56. Qxe4+ Kg8 57. Qe8+ Qf8 0-1

[Event "46th GRE-chT Premier 2018"]
[Site "Rio Achaia"]
[Date "2018.07.11"]
[Round "3"]
[White "Tassopoulos, Marios"]
[Black "Panagiotakos, Nikolaos"]
[Result "1/2-1/2"]
[ECO "A46"]
[WhiteElo "2134"]
[BlackElo "2100"]
[Annotator "NA"]
[PlyCount "63"]
[EventDate "2018.07.10"]
[EventType "team-tourn"]
[EventCountry "GRE"]
[SourceTitle "playchess.com"]
[Source "ChessBase"]
[SourceQuality "1"]
[TimeControl "40/5400+30:1800+30"]

1. d4 Nf6 2. Nf3 e6 3. Bf4 c5 4. c3 d5 5. e3 Nc6 6. Bd3 Bd6 7. Bg3 O-O 8. Nbd2 cxd4 9. exd4 Qc7 10. Qe2 Re8 11. Bxd6 Qxd6 12. Ne5 Qe7 13. f4 Nd7 14. O-O Nf8 15. Nxc6 bxc6 16. b4 a5 17. a3 f6 18. Nb3 axb4 19. axb4 Rxa1 20. Rxa1 e5 21. fxe5 fxe5 22. Qxe5 Qxe5 23. dxe5 Nd7 24. e6 Ne5 25. Bf5 Bxe6 26. Bxe6+ Rxe6 27. Nd4 Rf6 28. Re1 Nc4 29. Re8+ Kf7 30. Rc8 Ne5 31. h3 h5 32. Rc7+ 1/2-1/2

[Event "46th GRE-chT Premier 2018"]
[Site "Rio Achaia"]
[Date "2018.07.11"]
[Round "3"]
[White "Krallis, Christos"]
[Black "Tsekouras, Theodoros"]
[Result "1-0"]
[ECO "A15"]
[WhiteElo "2132"]
[BlackElo "2210"]
[Annotator "NA"]
[PlyCount "71"]
[EventDate "2018.07.10"]
[EventType "team-tourn"]
[EventCountry "GRE"]
[SourceTitle "playchess.com"]
[Source "ChessBase"]
[SourceQuality "1"]
[TimeControl "40/5400+30:1800+30"]

1. c4 Nf6 2. g3 g6 3. Bg2 Bg7 4. Nc3 d6 5. e4 c5 6. Nge2 Nc6 7. d3 O-O 8. O-O a6 9. a3 Rb8 10. Rb1 a5 11. h3 Ne8 12. Be3 Nc7 13. d4 cxd4 14. Nxd4 Nxd4 15. Bxd4 Bxd4 16. Qxd4 b5 17. b4 Be6 18. c5 dxc5 19. Qxc5 axb4 20. Rfd1 Qc8 21. axb4 Na6 22. Qe3 Bc4 23. Nd5 Bxd5 24. exd5 Qd7 25. Rd4 Nc7 26. Re1 Rbe8 27. Rc1 Rd8 28. Qh6 Ne8 29. Rh4 Nf6 30. Rc6 e6 31. Qf4 Nxd5 32. Bxd5 exd5 33. Rc7 Qf5 34. Qh6 g5 35. Rh5 f6 36. Qg7# 1-0

[Event "46th GRE-chT Premier 2018"]
[Site "Rio Achaia"]
[Date "2018.07.11"]
[Round "3"]
[White "Mavrikakis, Georgios"]
[Black "Sandalakis, Nikolaos"]
[Result "1/2-1/2"]
[ECO "C56"]
[WhiteElo "2127"]
[BlackElo "2209"]
[Annotator "NA"]
[PlyCount "77"]
[EventDate "2018.07.10"]
[EventType "team-tourn"]
[EventCountry "GRE"]
[SourceTitle "playchess.com"]
[Source "ChessBase"]
[SourceQuality "1"]
[TimeControl "40/5400+30:1800+30"]

1. e4 e5 2. Nf3 Nc6 3. Bc4 Nf6 4. d4 exd4 5. O-O Nxe4 6. Re1 d5 7. Bxd5 Qxd5 8. Nc3 Qa5 9. Nxe4 Be6 10. Neg5 O-O-O 11. Nxe6 fxe6 12. Rxe6 Qd5 13. Qe2 Bd6 14. Qe4 Qxe4 15. Rxe4 Rhe8 16. Rxe8 Rxe8 17. Bd2 h6 18. Kf1 Re6 19. Re1 Kd7 20. Rxe6 Kxe6 21. Ke2 Kd5 22. Kd3 b5 23. g4 Ne5+ 24. Nxe5 Bxe5 25. f4 Bf6 26. b4 g6 27. Be1 c6 28. Bf2 a6 29. h3 h5 30. Bg1 hxg4 31. hxg4 Bg7 32. Bf2 Bf6 33. Bg1 Bg7 34. Bf2 Bf6 35. Bg1 Bg7 36. Bf2 Bf6 37. Bg1 Bg7 38. Bf2 Bf6 39. Bg1 1/2-1/2

[Event "46th GRE-chT Premier 2018"]
[Site "Rio Achaia"]
[Date "2018.07.11"]
[Round "3"]
[White "Drakopoulos, Polihronis"]
[Black "Markidis, Konstantinos"]
[Result "1/2-1/2"]
[ECO "A40"]
[WhiteElo "2105"]
[BlackElo "2329"]
[Annotator "NA"]
[PlyCount "82"]
[EventDate "2018.07.10"]
[EventType "team-tourn"]
[EventCountry "GRE"]
[SourceTitle "playchess.com"]
[Source "ChessBase"]
[SourceQuality "1"]
[TimeControl "40/5400+30:1800+30"]

1. d4 Nf6 2. c4 e6 3. g3 Bb4+ 4. Bd2 a5 5. Bg2 d6 6. e3 O-O 7. Ne2 d5 8. O-O c6 9. Bxb4 axb4 10. Nd2 b6 11. e4 Na6 12. e5 Ne8 13. f4 Nec7 14. Qb3 Bd7 15. Rfd1 dxc4 16. Nxc4 Nd5 17. Ne3 Nxe3 18. Qxe3 Nc7 19. Nc1 Nd5 20. Qd2 Ra5 21. Nb3 Ra4 22. g4 Qh4 23. h3 h5 24. gxh5 Qxf4 25. Qxf4 Nxf4 26. Bf3 Nxh3+ 27. Kh2 Nf4 28. Rg1 f5 29. Kg3 Nd5 30. Bxd5 f4+ 31. Kf3 cxd5 32. h6 Rf7 33. Rxg7+ Rxg7 34. hxg7 Kxg7 35. Rg1+ Kf7 36. Nc1 b3 37. Nxb3 Rxa2 38. Rg2 Bb5 39. Kxf4 Ra4 40. Ke3 Rb4 41. Nc1 Ra4 1/2-1/2

[Event "46th GRE-chT Premier 2018"]
[Site "Rio Achaia"]
[Date "2018.07.11"]
[Round "3"]
[White "Samaridis, Konstantinos"]
[Black "Bebis, Epaminondas-Alexand"]
[Result "1-0"]
[ECO "A10"]
[WhiteElo "2103"]
[BlackElo "1554"]
[Annotator "NA"]
[PlyCount "61"]
[EventDate "2018.07.10"]
[EventType "team-tourn"]
[EventCountry "GRE"]
[SourceTitle "playchess.com"]
[Source "ChessBase"]
[SourceQuality "1"]
[TimeControl "40/5400+30:1800+30"]

1. c4 f5 2. Nc3 Nf6 3. g3 Nc6 4. Bg2 e5 5. d3 Bc5 6. e3 O-O 7. Nge2 d6 8. O-O Qe8 9. d4 Bb6 10. Rb1 a6 11. b4 Kh8 12. c5 Ba7 13. a4 Ne7 14. Ba3 e4 15. b5 d5 16. a5 g5 17. c6 bxc6 18. b6 cxb6 19. axb6 Bxb6 20. Rxb6 Rf7 21. Bxe7 Rxe7 22. Qa4 Re6 23. Rfb1 h5 24. h4 gxh4 25. Nf4 Rd6 26. gxh4 Bd7 27. Qb4 c5 28. dxc5 Rxb6 29. cxb6 Bc6 30. Qd4 Qd8 31. Nxh5 1-0